 Dungeon Crawl Stone Soup version 0.30-a0-728-gc68057be0a (webtiles) character file.

Game seed: 5879726082670283898

152 drugrobin the Sneak (level 4, 38/38 HPs)
             Began as a Demigod Delver on Jan 31, 2023.
             Quit the game on level 4 of the Dungeon.
             The game lasted 00:06:25 (3603 turns).

drugrobin the Sneak (Demigod Delver)                Turns: 3603, Time: 00:06:25

Health: 38/38      AC:  4    Str: 11    XL:     4   Next: 87%
Magic:  6/6        EV: 12    Int: 12    God:
Gold:   298        SH:  5    Dex: 25    Spells: 2/3 levels left

rFire   . . .      SeeInvis .    d - +9 whip of Qaxusil {drain, rCorr Str-2 Dex+6}
rCold   . . .      Faith    .    u - +0 buckler
rNeg    . . .      Spirit   .    a - +0 leather armour
rPois   .          Reflect  .    (no helmet)
rElec   .          Harm     .    v - scarf {repulsion}
rCorr   +          Rampage  .    (no gloves)
Will    .....                    q - +0 pair of boots
Stlth   +++                      (no amulet)
HPRegen 0.26/turn                (no ring)
MPRegen 0.10/turn                (no ring)

@: repel missiles
A: high MP 1, forlorn, divine attributes
a: no special abilities


You were on level 4 of the Dungeon.
You visited 1 branch of the dungeon, and saw 5 of its levels.

You collected 298 gold pieces.

Inventory:

Hand Weapons
 b - the +4 trident "Qiriunesch" {freeze, Str+5}
   (You found it on level 2 of the Dungeon)

   Str:       It affects your strength (+5).
 c - the +8 mace "Robyuw" {protect, Int+2}
   (You found it on level 2 of the Dungeon)

   Int:       It affects your intelligence (+2).
 d - the +9 whip of Qaxusil (weapon) {drain, rCorr Str-2 Dex+6}
   (You found it on level 3 of the Dungeon)

   Str:       It affects your strength (-2).
   Dex:       It affects your dexterity (+6).
   rCorr:     It protects you from acid and corrosion.
Armour
 a - a +0 leather armour (worn)
 q - a +0 pair of boots (worn)
 u - a +0 buckler (worn)
 v - a scarf of repulsion (worn)
Magical Staves
 m - a staff of fire
Wands
 f - a wand of digging (3)
Scrolls
 g - 3 scrolls of identify {unknown}
 j - 2 scrolls of blinking {unknown}
 l - a scroll of immolation {unknown}
 p - a scroll of fog
 t - 2 scrolls of enchant weapon {unknown}
 w - 2 scrolls of magic mapping
 x - 2 scrolls of fear
Potions
 e - a potion of haste
 h - 2 potions of invisibility {unknown}
 i - a potion of might {unknown}
 k - 3 potions of heal wounds {unknown}
 n - 2 potions of degeneration {unknown}
 o - a potion of brilliance {unknown}
 r - 3 potions of curing {unknown}
 s - 2 potions of attraction {unknown}
 z - a potion of lignification {unknown}


   Skills:
 + Level 3.0 Fighting
 - Level 1.7 Dodging
 - Level 4.5 Stealth
 - Level 4.5 Unarmed Combat
 - Level 1.0 Poison Magic


You had 2 spell levels left.
You knew the following spells:

 Your Spells              Type           Power      Damage    Failure   Level
a - Sting                 Tmut/Pois      4%         1d3       45%         1

Your spell library contained the following spells:

 Spells                   Type           Power      Damage    Failure   Level
 Poisonous Vapours        Pois/Air       2%         N/A       58%         2
 Ignite Poison            Fire/Tmut/Pois 0%         N/A       85%         3
 Kindle Blastsparks       Fire/Tloc/Air  0%         2d10      88%         3
 Olgreb's Toxic Radiance  Pois           2%         N/A       99%         4
 Freezing Cloud           Conj/Ice/Air   0%         6-21      100%        5


Dungeon Overview and Level Annotations

Branches:
Dungeon (5/15)             Temple (0/1) D:5

Annotations:
D:2 Terence
D:5 Ijyb


Innate Abilities, Weirdness & Mutations

You have an increased reservoir of magic. (+10% MP)
You shall have no god before yourself.
Your divine heritage dramatically boosts your attributes as you level up.


Message History

The endoplasm freezes you.
You are frozen.
You hit the adder.
The adder is severely wounded.
The adder bites you but does no damage. The endoplasm closely misses you.
You block the adder's attack.
You closely miss the adder.
The adder is severely wounded.
The endoplasm hits you but does no damage.
The adder closely misses you.
You completely miss the adder.
The adder is severely wounded.
The adder bites you but does no damage. The endoplasm freezes you.
You are frozen.
The giant cockroach bites you but does no damage.
The adder barely misses you.
The endoplasm hits you but does no damage.
You whack the adder!
You kill the adder!
The giant cockroach barely misses you. The endoplasm hits you.
The giant cockroach bites you.
Your Fighting skill increases to level 3!
You whack the giant cockroach!
You kill the giant cockroach!
You block the endoplasm's attack.
You whack the endoplasm!
You kill the endoplasm!
Your Poison Magic skill increases to level 1!
No target in view!
No target in view!
HP restored.
r - 3 blue potions (gained 1)
Found a blossoming altar of Fedhas.
Done exploring.
Okay, then.
Done exploring.
Done exploring.
Unknown command.
Are you sure you want to abandon this character and quit the game? (Confirm with "yes".)

.......## #............#
........# #............#
........####...........##
....).....###..........#
............#.........##
.............#.......##
..........##.>.#....##
...<......####..##.##
..........# ###@###
.........## ###
....(...## ......###
#######


There were no monsters in sight!

Vanquished Creatures
  An iguana (D:4)
  Natasha (twice) (D:2)
  An adder (D:4)
  A worm (D:2)
  A dart slug (D:1)
  7 endoplasms
  A giant cockroach (D:4)
  9 goblins
  6 hobgoblins
  6 jackals
  A quokka (D:4)
  11 ball pythons
  2 bats
  3 kobolds
  8 rats
60 creatures vanquished.

Notes
Turn   | Place    | Note
-------+----------+-------------------------------------------
     0 | D:5      | drugrobin the Demigod Delver began the quest for the Orb.
     0 | D:5      | Reached XP level 1. HP: 18/18 MP: 3/3
     7 | D:5      | Noticed Ijyb
    18 | D:5      | Found a staircase to the Ecumenical Temple.
   819 | D:2      | Noticed Terence
   856 | D:2      | Reached XP level 2. HP: 18/25 MP: 4/4
   967 | D:2      | Identified the +4 trident "Qiriunesch" {freeze, Str+5}
   991 | D:2      | Noticed Natasha
  1017 | D:2      | HP: 1/25 [Terence/+1 trident of flaming (4)]
  1160 | D:3      | Identified the +9 whip of Qaxusil {drain, rCorr Str-2
                  | Dex+6}
  1247 | D:2      | Killed Natasha
  1248 | D:2      | Reached XP level 3. HP: 14/30 MP: 5/5
  1464 | D:1      | Learned a level 1 spell: Sting
  2247 | D:2      | Noticed Natasha
  2261 | D:2      | Killed Natasha
  2262 | D:2      | Reached XP level 4. HP: 33/37 MP: 6/6
  2402 | D:2      | Identified the +8 mace "Robyuw" {protect, Int+2}
  3310 | D:4      | Reached skill level 1 in Poison Magic
  3603 | D:4      | Quit the game

Illustrated notes

Levels and vault maps discovered:
D:1:      mainiacjoe_arrival_reflecting_pool, layout_loops_ring,
          roderic_serpentine_path
D:2:      layout_basic, uniq_natasha, uniq_terence
D:3:      layout_loops_ring, nicolae_ru_path_of_blood, amcnicky_altar_gilded
D:4:      layout_cave_pods, mainiacjoe_overflow_paths,
          nicolae_overflow_hidden_temple
D:5:      layout_cave_pools, mainiacjoe_overflow_chevrons, marbit_many_paths,
          lemuel_round_altar, minmay_temple_entry_stoned_glass,
          palyth_stone_intersect, uniq_ijyb

Skill      XL: |  1  2  3  4 |
---------------+-------------+-----
Unarmed Combat | 2 3 4 |  4.5
Fighting       | 3 |  3.0
Poison Magic   | 1 |  1.0
Dodging        | |  1.7
Stealth        | |  4.5

Action                     |  1- 3 |  4- 6 || total
---------------------------+-------+-------++-------
  Melee: Unarmed           |    61 |       ||    61
         Punch             |     5 |       ||     5
         Trident           |    64 |     3 ||    67
         Whip              |       |    19 ||    19
         Mace              |       |     1 ||     1
   Cast: Sting             |     2 |       ||     2
   Stab: Sleeping          |    14 |     4 ||    18
         Distracted        |     1 |       ||     1
 Armour: Leather armour    |    45 |     9 ||    54
  Dodge: Dodged            |    97 |    10 ||   107
  Block: Buckler           |     4 |     2 ||     6

Table legend: (Time is in decaauts)
 A = Elapsed time spent in this place.
 B = Non-inter-level travel time spent in this place.
 C = Inter-level travel time spent in this place.
 D = Time resting spent in this place.
 E = Time spent auto-exploring this place.
 F = Levels seen in this place.
 G = Mean time per level.
                   A        B        C        D        E       F      G
               +--------+--------+--------+--------+--------+-----+--------+
         Total |   3623 |   3509 |    114 |    318 |   2334 |   5 |  724.6 |
       Dungeon |   3623 |   3509 |    114 |    318 |   2334 |   5 |  724.6 |
               +--------+--------+--------+--------+--------+-----+--------+

Top non-repeatable levels by time:
     D:3: 1012 daAuts
     D:4: 880 daAuts
     D:2: 851 daAuts
     D:1: 832 daAuts
     D:5: 47 daAuts
